 Dungeon Crawl Stone Soup version 0.31-a0-1204-ge2c1a860ed (webtiles) character file.

Game seed: 326897118156454041

1270 Skeral the Stinger (level 8, -1/61 HPs)
             Began as a Demonspawn Venom Mage on Dec 12, 2023.
             Was a Follower of Yredelemnul.
             Slain by a black bear (2 damage)
             ... on level 6 of the Dungeon on Dec 13, 2023.
             The game lasted 00:20:51 (5872 turns).

Skeral the Stinger (Demonspawn Venom Mage)          Turns: 5872, Time: 00:20:51

Health: -1/61      AC:  6    Str:  8    XL:     8   Next: 28%
Magic:  0/14       EV: 12    Int: 23    God:    Yredelemnul [*.....]
Gold:   324        SH:  0    Dex: 15    Spells: 5/15 levels left

rFire   + . .        c - staff of cold {!a}
rCold   + . .        (no shield)
rNeg    . . .        a - +0 robe
rPois   +            (helmet restricted)
rElec   .            (no cloak)
rCorr   .            (no gloves)
SInv    .            (no boots)
Will    .....        G - amulet of guardian spirit
Stlth   ++           F - ring of protection from fire
HPRegen 0.30/turn    I - +6 ring of intelligence
MPRegen 0.14/turn

%: guardian spirit
@: no status effects
A: antennae 1, slimy green scales 3, spiny 1
a: Renounce Religion, Recall Undead Harvest


You were on level 6 of the Dungeon.
You worshipped Yredelemnul.
Yredelemnul was noncommittal.
You visited 1 branch of the dungeon, and saw 6 of its levels.

You collected 324 gold pieces.


Innate Abilities, Weirdness & Mutations

You have a pair of small antennae on your head.
You are completely covered in slimy green scales. (AC +4, rPois)
You are partially covered in sharp spines.


   Skills:
 + Level 4.9 Fighting
 - Level 2.5 Dodging
 - Level 2.7 Stealth
 - Level 4.0 Spellcasting
 - Level 1.0 Transmutations
 - Level 3.0 Air Magic
 + Level 5.9 Poison Magic
 + Level 4.1 Invocations


You had 5 spell levels left.
You knew the following spells:

 Your Spells              Type           Power      Damage    Failure   Level
m - Mephitic Cloud        Conj/Pois/Air  18%        N/A       10%         3
o - Olgreb's Toxic Radia  Pois           31%        N/A       9%          4
p - Poisonous Vapours     Pois/Air       50%        N/A       2%          2
s - Sting                 Tmut/Pois      80%        1d7       2%          1

Your spell library contained the following spells:

 Spells                   Type           Power      Damage    Failure   Level
 Call Canine Familiar     Summ           4%         N/A       30%         3
 Dazzling Flash           Conj/Hex       8%         N/A       30%         3
 Gell's Gravitas          Tloc           4%         N/A       30%         3
 Sigil of Binding         Hex            4%         N/A       30%         3
 Teleport Other           Tloc           4%         N/A       30%         3
 Volatile Blastmotes      Fire/Tloc      8%         2d10      30%         3
 Dimensional Bullseye     Hex/Tloc       2%         N/A       71%         4
 Leda's Liquefaction      Hex/Erth       2%         N/A       71%         4
 Dispersal                Tloc           2%         N/A       100%        6
 Starburst                Conj/Fire      2%         6d3       100%        6
 Maxwell's Capacitive Co  Air            9%         ∞         100%        8

Inventory:

Hand Weapons
 t - the +5 hammer of Corruption {chaos, Will+ rCorr Str+5 Int+3}
   (You found it on level 3 of the Dungeon)

   Str+5:     It affects your strength (+5).
   Int+3:     It affects your intelligence (+3).
   Will+:     It increases your willpower.
   rCorr:     It protects you from acid and corrosion.
Missiles
 f - 4 silver javelins
 q - 3 poisoned darts
 v - 6 javelins
 y - a throwing net {=f!f}
 B - 2 darts of dispersal {=f!f}
Armour
 a - a +0 robe (worn)
Magical Staves
 c - a staff of cold (weapon) {!a}
   (You found it on level 1 of the Dungeon)
 x - a staff of earth {!a}
   (You found it on level 4 of the Dungeon)
Jewellery
 F - a ring of protection from fire (left hand)
   (You found it on level 1 of the Dungeon)
 G - an amulet of guardian spirit (around neck)
   (You found it on level 1 of the Dungeon)
 I - a +6 ring of intelligence (right hand)
   (You found it on level 2 of the Dungeon)
Scrolls
 g - a scroll of amnesia {unknown}
 i - a scroll of torment {unknown}
 l - 2 scrolls of identify {unknown}
 m - 2 scrolls of fog {unknown}
 n - 2 scrolls of blinking {unknown}
 o - 3 scrolls of teleportation {unknown}
 p - 3 scrolls of enchant weapon {unknown}
 s - a scroll of acquirement {unknown}
 w - a scroll of vulnerability {unknown}
 z - a scroll of fear {unknown}
 A - a scroll of poison {unknown}
Potions
 b - a potion of magic
 d - 2 potions of heal wounds {unknown}
 e - 4 potions of curing {@q1}
 h - a potion of haste {unknown}
 j - 2 potions of lignification {unknown}
 k - a potion of might {unknown}
 r - 3 potions of mutation {unknown}
 u - a potion of cancellation {unknown}

Dungeon Overview and Level Annotations

Branches:
Dungeon (6/15) Zot: 26963
 Temple: D:4-7

Altars:
Fedhas
Nemelex Xobeh
Ru
Uskayaw
Yredelemnul

Annotations:
D:3 1 runed translucent door, Crazy Yiuf

## .### .... .f#
#.#
#######Z#########
.......@h<)))....
......##Z#####...
..... ### ...$
<.. .. .


You could see a black bear (ally target), a sleepcap, a friendly spectral white
imp and a friendly ogre zombie.


Message History

An ogre comes into view. It is wielding a +0 giant club.
The white imp hits you. The white imp freezes you. You resist. 😕 HP[-4]
You take 4 damage, and now have 57/61 hp.
You hit the white imp but do no damage.
The shadow imp barely misses your orc zombie.
The white imp barely misses you. 😕 HP[+1]
You hit the white imp but do no damage.
Casting: Mephitic Cloud (dangerous; 10% risk of failure)
Confirm with . or Enter, or press ? or * to list all spells.
Aiming: Mephitic Cloud (dangerous; 10% risk of failure)
Press: ? - help, Shift-Dir - straight line, f - ogre
Aim: an ogre, wielding a +0 giant club (chance to affect: 77%)
The ball explodes into a vile cloud!
The stinking cloud engulfs the ogre but does no damage.
The stinking cloud engulfs the white imp but does no damage.
The stinking cloud engulfs you but does no damage.
The shadow imp hits your orc zombie. 😕 MP[-3]
You lost 3 mp, and now have 4/14 mp.
Casting: Mephitic Cloud (dangerous; 10% risk of failure)
Confirm with . or Enter, or press ? or * to list all spells.
You begin to radiate toxic energy.
The black bear is poisoned.
The ogre is poisoned.
The ogre looks even sicker.
The shadow imp lashes its tail.
The shadow imp completely misses your orc zombie.
The ogre is engulfed in noxious fumes.
The ogre hits you with a +0 giant club!!
The white imp gestures at you. The puff of frost hits you.
You resist. 😮 HP[-22] MP[-4]
You take 22 damage, and now have 36/61 hp.
MASSIVE DAMAGE!! (PAUSE)
You lost 4 mp, and now have 0/14 mp.
You hit the ogre. The white imp hits you. The white imp freezes you.
You resist. The shadow imp hits your orc zombie.
Your orc zombie is destroyed!
The ogre is engulfed in noxious fumes.
The ogre appears confused. 😮 HP[-3]
You take 3 damage, and now have 33/61 hp.
You barely miss the white imp.
Your toxic aura wanes.
The white imp hits you. The white imp freezes you. You resist.
* * * LOW HITPOINT WARNING * * *
The white imp gestures at you. The puff of frost hits you. You resist.
* * * LOW HITPOINT WARNING * * *
The shadow imp gestures at you. Pain shoots through your body!
* * * LOW HITPOINT WARNING * * *
😨 HP[-9] MP[+1]
You take 9 damage, and now have 24/61 hp.
You hit the white imp.
You kill the white imp!
A black mist starts to gather...
The ogre is struck by your spines. The ogre barely misses you.
The ogre barely misses itself.
The shadow imp is struck by your spines.
The shadow imp misses you. 😨 HP[+1]
You hit the shadow imp but do no damage.
The black bear looks more healthy.
The shadow imp misses you.
You hit the ogre.
The shadow imp is struck by your spines.
You kill the shadow imp!
Your spectral white imp hits the ogre.
The ogre hits you with a +0 giant club!
* * * LOW HITPOINT WARNING * * *
😱 HP[-15] MP[-1]
You take 15 damage, and now have 10/61 hp.
MASSIVE DAMAGE!! (PAUSE)
You lost 1 mp, and now have 0/14 mp.
You feel better. The black bear barely misses you. The black bear claws you.
* * * LOW HITPOINT WARNING * * *
The black bear claws you.
* * * LOW HITPOINT WARNING * * *
Your spectral white imp barely misses the ogre. 😱 HP[+5]
You regained 5 hp, and now have 15/61 hp.
The ogre seems less confused.
The ogre hits you with a +0 giant club!
* * * LOW HITPOINT WARNING * * *
The black bear attacks as it pursues you!
The black bear is struck by your spines.
The black bear bites you but does no damage.
The black bear claws you but does no damage. x2
Your spectral white imp hits the ogre.
The ogre dies!
The dead are walking!
Your Invocations skill increases to level 4!
Things that are here:
a +0 club; a +0 scale mail; 😱 HP[-14]
You take 14 damage, and now have 1/61 hp.
MASSIVE DAMAGE!! (PAUSE)
You swap places.
A sleepcap comes into view.
Found 18 gold pieces.
Found a stone staircase leading up.
The black bear attacks as it pursues you!
The black bear is struck by your spines.
The black bear bites you.
You die...
Your body rises from the dead as a mindless zombie.

Skill      XL: |  1  2  3  4  5  6  7  8 |
---------------+-------------------------+-----
Transmutations | 1 |  1.0
Stealth        | 2 |  2.7
Dodging        | 2 |  2.5
Fighting       | 1 2 3 4 |  4.9
Air Magic      | 1 2 3 |  3.0
Spellcasting   | 3 4 |  4.0
Poison Magic   | 4 5 |  5.9
Invocations    | 3 4 |  4.1

Action                     |  1- 3 |  4- 6 |  7- 9 || total
---------------------------+-------+-------+-------++-------
  Melee: Staff             |    24 |    62 |    64 ||   150
         Punch             |       |       |     1 ||     1
   Cast: Sting             |    58 |   107 |    32 ||   197
         Poisonous Vapours |     2 |     5 |     4 ||    11
         Mephitic Cloud    |       |       |     6 ||     6
         Olgreb's Toxic Ra |       |       |     1 ||     1
    Use: Potion            |       |       |     2 ||     2
   Stab: Confused          |       |       |     1 ||     1
 Armour: Robe              |    31 |    57 |    73 ||   161
  Dodge: Dodged            |    31 |    67 |    52 ||   150

Levels and vault maps discovered:
D:1:      giann_horns, layout_basic, hellmonk_ecumenical_altar_watching_god
D:2:      kb_forest_paths, layout_basic
D:3:      layout_loops_ring, fedhas_altar_1, lemuel_coloured_pillars_altar,
          hangedman_ru_absence, uniq_crazy_yiuf_cottage
D:4:      layout_loops_cross, nemelex_xobeh_ov_fountains_minmay, uniq_grinder
D:5:      layout_cave_pools, elyvilon_altar_4, chequers_hall_statues_y
D:6:      layout_basic, mainiacjoe_overflow_concentric_impassable, slow_altar_1,
          minmay_temple_entry_enclosed_plants

Notes
Turn   | Place    | Note
-------+----------+-------------------------------------------
     0 | D:1      | Skeral the Demonspawn Venom Mage began the quest for the
                  | Orb.
     0 | D:1      | Reached XP level 1. HP: 13/13 MP: 3/3
     0 | D:1      | magus.rc [v1.10.3]
    99 | D:1      | Reached skill level 1 in Transmutations
   235 | D:1      | Reached skill level 2 in Stealth
   318 | D:1      | Gained mutation: You are partially covered in slimy green
                  | scales. (AC +2) [demonic ancestry]
   318 | D:1      | Reached XP level 2. HP: 20/20 MP: 3/5
   327 | D:1      | Reached skill level 2 in Dodging
   389 | D:1      | Noticed a great orb of eyes
   391 | D:1      | Found a faded altar of an unknown god.
   393 | D:1      | Noticed a golden eye
   393 | D:1      | Noticed a golden eye
   393 | D:1      | Noticed a glass eye
   458 | D:1      | Learned a level 2 spell: Poisonous Vapours
  1279 | D:2      | Reached skill level 1 in Fighting
  1365 | D:2      | Gained mutation: You are mostly covered in slimy green
                  | scales. (AC +3) [demonic ancestry]
  1365 | D:2      | Reached XP level 3. HP: 19/26 MP: 0/6
  1687 | D:2      | Reached skill level 1 in Air Magic
  1687 | D:2      | Gained mutation: You are completely covered in slimy green
                  | scales. (AC +4, rPois) [demonic ancestry]
  1687 | D:2      | Reached XP level 4. HP: 28/32 MP: 1/7
  1946 | D:2      | Learned a level 3 spell: Mephitic Cloud
  2603 | D:3      | Found a sacrificial altar of Ru.
  2668 | D:3      | Found a hide-covered altar of Uskayaw.
  3067 | D:3      | Found a blossoming altar of Fedhas.
  3457 | D:3      | Identified the +5 hammer of Corruption {chaos, Will+ rCorr
                  | Str+5 Int+3}
  3460 | D:3      | Found a runed translucent door.
  3461 | D:3      | Noticed Crazy Yiuf
  3558 | D:4      | Reached XP level 5. HP: 31/38 MP: 1/8
  3835 | D:4      | Reached skill level 2 in Fighting
  4020 | D:4      | Noticed Grinder
  4062 | D:4      | Paralysed by Grinder for 2 turns
  4079 | D:4      | Paralysed by Grinder for 3 turns
  4083 | D:4      | Killed Grinder
  4084 | D:4      | Reached skill level 3 in Spellcasting
  4084 | D:4      | Reached skill level 2 in Air Magic
  4084 | D:4      | Reached skill level 4 in Poison Magic
  4084 | D:4      | Gained mutation: You have a pair of small antennae on your
                  | head. [demonic ancestry]
  4084 | D:4      | Reached XP level 6. HP: 20/46 MP: 0/10
  4378 | D:4      | Reached skill level 3 in Fighting
  4466 | D:4      | Reached XP level 7. HP: 52/52 MP: 6/11
  4638 | D:4      | You pick up a book of the Hunter and begin reading...
  4638 | D:4      | You add the spells Sigil of Binding, Call Canine Familiar,
                  | Dimensional Bullseye and Leda's Liquefaction to your
                  | library.
  4645 | D:4      | Learned a level 4 spell: Olgreb's Toxic Radiance
  4743 | D:4      | Reached skill level 3 in Air Magic
  4899 | D:4      | Found a sparkling altar of Nemelex Xobeh.
  5036 | D:1      | Prayed at the altar of an unknown god.
  5036 | D:1      | Became a worshipper of Yredelemnul the Dark
  5036 | D:1      | Reached * piety under Yredelemnul
  5169 | D:5      | Entered Level 5 of the Dungeon
  5178 | D:5      | Reached skill level 1 in Invocations
  5187 | D:5      | Reached skill level 5 in Poison Magic
  5343 | D:5      | Reached skill level 4 in Fighting
  5343 | D:5      | Reached skill level 4 in Spellcasting
  5343 | D:5      | Reached skill level 2 in Invocations
  5405 | D:5      | HP: 13/55 [iguana (8)]
  5412 | D:5      | Reached skill level 3 in Invocations
  5412 | D:5      | Gained mutation: You are partially covered in sharp spines.
                  | [demonic ancestry]
  5412 | D:5      | Reached XP level 8. HP: 24/61 MP: 0/14
  5542 | D:5      | You add the spells Gell's Gravitas, Teleport Other and
                  | Dispersal to your library.
  5742 | D:5      | You pick up a book of Spectacle and begin reading...
  5742 | D:5      | You add the spells Volatile Blastmotes, Dazzling Flash,
                  | Starburst and Maxwell's Capacitive Coupling to your
                  | library.
  5840 | D:5      | magus.rc [v1.10.3]
  5869 | D:6      | HP: 10/61 [ogre/+0 giant club (16)]
  5871 | D:6      | HP: 1/61 [ogre/+0 giant club (14)]
  5872 | D:6      | Reached skill level 4 in Invocations
  5872 | D:6      | Slain by a black bear

Vanquished Creatures
  Grinder (D:4)
  An ogre (D:5)
  A centaur (D:5)
  A phantom (D:5)
  A bullfrog (D:4)
  A scorpion (D:4)
  A howler monkey (D:4)
  2 hounds (D:5)
  2 orc priests (D:6)
  An iguana (D:5)
  11 gnolls (D:4)
  8 adders
  A shadow imp (D:6)
  A white imp (D:6)
  A worm (D:3)
  5 dart slugs
  6 orcs
  6 ball pythons
  4 bats
  3 endoplasms
  A giant cockroach (D:3)
  13 goblins
  5 hobgoblins
  9 jackals
  7 kobolds
  3 quokkas (D:2)
  4 frilled lizards
  An orc zombie (D:6)
  5 rats
106 creatures vanquished.

Vanquished Creatures (collateral kills)
  A black bear (D:5)
  An ogre (D:6)
  An orc priest (D:5)
  An orc wizard (D:5)
  2 orcs
6 creatures vanquished.

Vanquished Creatures (others)
  An ogre zombie (D:5)
  2 orc zombies (D:6)
3 creatures vanquished.

Grand Total: 115 creatures vanquished

Table legend:
 A = Non-vault XP
 B = Vault XP
 C = Vault XP percentage of total XP
 D = Non-vault monster count
 E = Vault monster count
 F = Vault count percentage of total count
                 A         B        C        D         E       F
            +---------+---------+-------+---------+---------+-------
      Total |    1521 |     294 |  16.2 |     104 |       7 |   6.3
            +---------+---------+-------+---------+---------+-------
        D:1 |      28 |       0 |   0.0 |      16 |       0 |   0.0
        D:2 |      91 |      13 |  12.5 |      25 |       6 |  19.4
        D:3 |      46 |       0 |   0.0 |      17 |       0 |   0.0
        D:4 |     435 |     281 |  39.2 |      25 |       1 |   3.8
        D:5 |     675 |       0 |   0.0 |      12 |       0 |   0.0
        D:6 |     246 |       0 |   0.0 |       9 |       0 |   0.0
            +---------+---------+-------+---------+---------+-------

Skill      XL: |  1  2  3  4  5  6  7  8 |
---------------+-------------------------+-----
Transmutations | 1 |  1.0
Stealth        | 2 |  2.7
Dodging        | 2 |  2.5
Fighting       | 1 2 3 4 |  4.9
Air Magic      | 1 2 3 |  3.0
Spellcasting   | 3 4 |  4.0
Poison Magic   | 4 5 |  5.9
Invocations    | 3 4 |  4.1

Action                     |  1- 3 |  4- 6 |  7- 9 || total
---------------------------+-------+-------+-------++-------
  Melee: Staff             |    24 |    62 |    64 ||   150
         Punch             |       |       |     1 ||     1
   Cast: Sting             |    58 |   107 |    32 ||   197
         Poisonous Vapours |     2 |     5 |     4 ||    11
         Mephitic Cloud    |       |       |     6 ||     6
         Olgreb's Toxic Ra |       |       |     1 ||     1
    Use: Potion            |       |       |     2 ||     2
   Stab: Confused          |       |       |     1 ||     1
 Armour: Robe              |    31 |    57 |    73 ||   161
  Dodge: Dodged            |    31 |    67 |    52 ||   150

Illustrated notes

Table legend:
 A = Kills in this place as a percentage of kills in the entire game.
 B = Kills by you in this place as a percentage of kills by you in the entire game.
 C = Kills by friends in this place as a percentage of kills by friends in the entire game.
 D = Other kills in this place as a percentage of other kills in the entire game.
 E = Experience gained in this place as a percentage of experience gained in the entire game.
 F = Experience gained in this place divided by the number of levels of this place that you have seen.
                   A       B       C       D       E      F
               +-------+-------+-------+-------+-------+----------------------
         Total | 100.0 | 100.0 | 100.0 | 100.0 | 100.0 | 302.5
       Dungeon | 100.0 | 100.0 | 100.0 | 100.0 | 100.0 | 302.5
               +-------+-------+-------+-------+-------+----------------------

Table legend: (Time is in decaauts)
 A = Elapsed time spent in this place.
 B = Non-inter-level travel time spent in this place.
 C = Inter-level travel time spent in this place.
 D = Time resting spent in this place.
 E = Time spent auto-exploring this place.
 F = Levels seen in this place.
 G = Mean time per level.
                   A        B        C        D        E       F      G
               +--------+--------+--------+--------+--------+-----+--------+
         Total |   5903 |   5465 |    438 |   1344 |   2387 |   6 |  983.8 |
       Dungeon |   5903 |   5465 |    438 |   1344 |   2387 |   6 |  983.8 |
               +--------+--------+--------+--------+--------+-----+--------+

Top non-repeatable levels by time:
     D:2: 1549 daAuts
     D:4: 1447 daAuts
     D:1: 1228 daAuts
     D:3: 965 daAuts
     D:5: 676 daAuts
     D:6: 35 daAuts
